 Dungeon Crawl Stone Soup version 0.22-a0-525-gf69a080 (webtiles) character file.

1422 Amnesiac the Chiller (level 8, -8/60 (61) HPs)
             Began as a Barachi Ice Elementalist on June 21, 2018.
             Was a Follower of Vehumet.
             Killed by divine providence
             ... invoked by an orc priest
              (12 damage)
             ... on level 6 of the Dungeon.
             The game lasted 00:11:03 (6532 turns).

Amnesiac the Chiller (Barachi Ice Elementalist)     Turns: 6532, Time: 00:11:03

HP:   -8/60 (61)    AC:  3    Str: 11    XL:     8   Next: 72%
MP:   3/15          EV: 17    Int: 18    God:    Vehumet [*.....]
Gold: 259           SH:  0    Dex: 12    Spells: 2/16 levels left

rFire    . . .     SeeInvis .   h - +0 hunting sling
rCold    . . .     Gourm    .   (no shield)
rNeg     . . .     Faith    .   a - +1 robe
rPois    .         Spirit   .   (no helmet)
rElec    .         Reflect  .   (no cloak)
rCorr    .         Harm     .   (no gloves)
MR       .....                  (no boots)
Stlth    ++........             (no amulet)
HPRegen  0.00/turn              m - +3 ring of intelligence (curse)
MPRegen  0.14/turn              (no ring)

@: lethally poisoned (-8 -> -11), non-regenerating, diseased, slow
A: +LOS, swims, repulsion field 1, dopey 1, slowness 1, strong legs 1
a: Hop, Renounce Religion


You were on level 6 of the Dungeon.
You worshipped Vehumet.
Vehumet was aware of your devotion.
You were hungry.

You visited 1 branch of the dungeon, and saw 7 of its levels.
You also visited: Sewer.

You collected 259 gold pieces.

Inventory:

Hand Weapons
 h - a +0 hunting sling (weapon)
Missiles
 b - 364 stones (quivered)
 v - 32 sling bullets
Armour
 a - a +1 robe (worn)
 o - a +0 pair of gloves
Jewellery
 m - a cursed +3 ring of intelligence (left hand)
Scrolls
 d - 2 scrolls of enchant armour {!r}
 f - 2 scrolls of blinking {!r}
 g - 2 scrolls of fog {!r}
 n - a scroll of teleportation {!r}
 p - 3 scrolls of fear {!r}
 r - 2 scrolls of amnesia {!r}
Potions
 e - 3 potions of curing {!q}
 j - 2 potions of haste {!q}
 l - a potion of resistance {!q}
 t - 2 potions of heal wounds {!q}
 w - a potion of invisibility {!q}
Comestibles
 c - 4 rations
 i - a chunk of flesh


   Skills:
 - Level 4.6 Fighting
 - Level 6.0 Dodging
 - Level 1.7 Stealth
 + Level 4.8 Spellcasting
 + Level 5.7 Conjurations
 + Level 6.4 Ice Magic


You had 2 spell levels left.
You knew the following spells:

 Your Spells              Type           Power        Failure   Level  Hunger
a - Freeze                Ice            ####         1%          1    None
b - Ozocubu's Armour      Chrm/Ice       ###.....     11%         3    ###....
c - Summon Ice Beast      Ice/Summ       ###.....     34%         4    ####...
d - Throw Icicle          Conj/Ice       ####....     11%         4    ####...
v - Blink                 Tloc           N/A          21%         2    #......

Your spell library contained the following spells:

 Spells                   Type           Power        Failure   Level  Hunger
 Magic Dart               Conj           ####         1%          1    None
 Conjure Flame            Conj/Fire      ##......     12%         3    ###....
 Slow                     Hex            #.......     21%         2    #......
 Confuse                  Hex            #.......     38%         3    ###....
 Throw Frost              Conj/Ice       ####..       1%          2    #......
 Mephitic Cloud           Conj/Pois/Air  ##......     19%         3    ###....
 Call Imp                 Summ           #.......     21%         2    #......
 Confusing Touch          Hex            #.....       14%         1    None
 Spectral Weapon          Hex/Chrm       #.......     38%         3    ###....
 Yara's Violent Unravell  Hex/Tmut       #.........   98%         5    ######.
 Poisonous Vapours        Pois/Air       #.....       21%         2    #......


Dungeon Overview and Level Annotations

Branches:
Dungeon (7/15)
 Temple: D:4-7

Altars:
Ashenzari
Kikubaaqudgha
Qazlal
Vehumet

Shops:
D:5 }

Annotations:
D:6 Pikel


Innate Abilities, Weirdness & Mutations

Shadows flee at your approach. (+LOS)
You can swim through water.
You cover ground slowly.
You can hop short distances.
You are surrounded by a mild repulsion field. (EV +2)
You are dopey. (Int -2)


Message History

* * * LOW HITPOINT WARNING * * *
The killer bee stings you.
* * * LOW HITPOINT WARNING * * *
You are poisoned.
The killer bee poisons you! The orc hits you with a club.
* * * LOW HITPOINT WARNING * * *
You feel sick.
The killer bee stings you but does no damage.
The orc closely misses you.
Found an escape hatch in the ceiling.
You feel sick. The killer bee misses you.
Pikel says, "You'll fetch a fair price!"
The killer bee misses you.
Your magical contamination has completely faded away.
The killer bee stings you but does no damage.
Your surroundings suddenly seem different.
You feel sick.
Found 19 stones, a scroll of fog, 15 gold pieces and a short iron wand.
An ice beast comes into view.
Evoke which item? (* to show all) (? for menu, Esc to quit)
Aiming: Corrosive Bolt
Press: ? - help, Shift-Dir - straight line, f - ice beast
Aim: an ice beast (resting)
The bolt of acid hits the ice beast.
The ice beast is splashed with acid.
The ice beast is severely wounded.
The now-empty wand crumbles to dust.
Casting: Freeze (safe; 1% risk of failure)
Confirm with . or Enter, or press ? or * to list all spells.
Aiming: Throw Icicle (safe; 11% risk of failure)
Press: ? - help, Shift-Dir - straight line, f/p - ice beast
Aim: an ice beast (severely wounded)
The shard of ice hits the ice beast.
The ice beast partially resists.
The ice beast is almost dead.
You feel sick.
Unknown command.
Firing (i - inventory. (/) - cycle)
b - 367 stones (quivered)
Press: ? - help, Shift-Dir - straight line, f/p - ice beast
Aim: an ice beast (almost dead)
You shoot a stone. The stone closely misses the ice beast.
The ice beast barely misses you. x2
Firing (i - inventory. (/) - cycle)
b - 366 stones (quivered)
Press: ? - help, Shift-Dir - straight line, f/p - ice beast
Aim: an ice beast (almost dead)
You shoot a stone. The stone closely misses the ice beast.
You feel sick.
An orc priest comes into view. It is wielding a club.
The ice beast closely misses you.
You aren't carrying any items that you can evoke.
Unknown command.
The ice beast hits you but does no damage.
The orc priest shouts!
You see here 19 stones.
Firing (i - inventory. (/) - cycle)
b - 365 stones (quivered)
Press: ? - help, Shift-Dir - straight line, f/p - ice beast
Aim: an ice beast (almost dead)
You shoot a stone.
The stone hits the ice beast but does no damage.
The ice beast is almost dead.
You feel sick. The ice beast hits you.
* * * LOW HITPOINT WARNING * * *
The ice beast freezes you!
* * * LOW HITPOINT WARNING * * *
The orc priest invokes the aid of Beogh against you.
Beogh smites you!
You die...

#.# ... #.# ... #.
..oo # ..
#...########.#o....
#.......@Y.....#
#########.(...##
#.?.......#
#.......###
#.......# ##.....##
.......# ..$....#
#...../.#


You could see an ice beast and an orc priest.

Vanquished Creatures
  Menkaure (D:5)
  A sky beast (D:5)
  Purgy (Sewer)
  A phantom (D:5)
  An ice beast (D:5)
  A centaur (D:5)
  A bullfrog (D:5)
  A crimson imp (D:5)
  A centaur zombie (D:5)
  2 hounds (D:4)
  2 jellies (D:2)
  An orc priest (D:3)
  A gnoll shaman (D:6)
  3 orc wizards
  A centaur skeleton (D:4)
  Jessica (D:3)
  An iguana (D:4)
  A statue (D:4)
  4 worker ants
  A worker ant zombie (D:6)
  7 adders
  2 gnolls (D:6)
  9 oozes
  An adder skeleton (D:2)
  6 worms
  5 dart slugs
  2 leopard geckos
  15 orcs
  A ball python (D:5)
  11 bats
  4 giant cockroaches
  6 goblins
  5 hobgoblins
  3 jackals (D:1)
  A quokka (D:2)
  3 frilled lizards
  12 kobolds
  8 rats
128 creatures vanquished.

Vanquished Creatures (others)
  9 toadstools (D:2)
9 creatures vanquished.

Grand Total: 137 creatures vanquished

Notes
Turn   | Place    | Note
-------+----------+-------------------------------------------
     0 | D:1      | Amnesiac the Barachi Ice Elementalist began the quest for the Orb.
     0 | D:1      | Reached XP level 1. HP: 13/13 MP: 3/3
    91 | D:1      | Reached skill level 1 in Fighting
   310 | D:1      | Reached XP level 2. HP: 17/22 MP: 1/5
   952 | D:2      | Reached XP level 3. HP: 27/27 MP: 6/6
  1255 | D:2      | Reached XP level 4. HP: 30/34 MP: 7/7
  1260 | D:2      | Learned a level 3 spell: Ozocubu's Armour
  1265 | D:2      | Learned a level 4 spell: Throw Icicle
  1786 | D:2      | Reached XP level 5. HP: 10/41 MP: 0/8
  3196 | D:3      | Reached XP level 6. HP: 48/48 MP: 5/9
  3215 | D:3      | Noticed Jessica
  3223 | D:3      | Killed Jessica
  3463 | D:3      | Reached skill level 5 in Dodging
  4024 | D:4      | Reached XP level 7. HP: 52/54 MP: 10/10
  4246 | D:4      | Found a radiant altar of Vehumet.
  4401 | D:4      | Became a worshipper of Vehumet
  4694 | D:5      | Entered Level 5 of the Dungeon
  4749 | D:4      | Learned a level 2 spell: Blink
  4843 | D:5      | Found Voginneu's Gadget Shop.
  4887 | D:5      | Found a glowing drain.
  4897 | D:5      | Identified the Volume of Contamination and Beguiling
  4910 | Sewer    | Entered a sewer
  4954 | Sewer    | Noticed Purgy
  5075 | Sewer    | Gained mutation: Armour fits poorly on your strangely shaped body. [potion of mutation]
  5075 | Sewer    | Gained mutation: You have sharp fingernails. [potion of mutation]
  5076 | Sewer    | Lost mutation: You have sharp fingernails. [potion of mutation]
  5076 | Sewer    | Lost mutation: Armour fits poorly on your strangely shaped body. [potion of mutation]
  5076 | Sewer    | Gained mutation: You are surrounded by a mild repulsion field. (EV +2) [potion of mutation]
  5076 | Sewer    | Gained mutation: You are dopey. (Int -2) [potion of mutation]
  5076 | Sewer    | Gained mutation: You are clumsy. (Dex -2) [potion of mutation]
  5076 | Sewer    | Lost mutation: You are clumsy. (Dex -2) [potion of mutation]
  5088 | Sewer    | Killed Purgy
  5149 | D:5      | Noticed Menkaure
  5153 | D:5      | Killed Menkaure
  5153 | D:5      | Reached skill level 5 in Ice Magic
  5153 | D:5      | Reached XP level 8. HP: 47/61 MP: 0/13
  5258 | D:5      | Found a shattered altar of Ashenzari.
  5258 | D:5      | Found a faded altar of an unknown god.
  5263 | D:5      | Found a faded altar of an unknown god.
  5265 | D:5      | Found a stormy altar of Qazlal.
  5267 | D:5      | Found an ancient bone altar of Kikubaaqudgha.
  5471 | D:5      | Reached skill level 5 in Conjurations
  5746 | D:5      | Learned a level 4 spell: Summon Ice Beast
  6408 | D:5      | Reached * piety under Vehumet
  6408 | D:5      | Offered knowledge of Sandblast by Vehumet.
  6418 | D:6      | Noticed Pikel
  6532 | D:6      | Killed from afar by an orc priest

Vault maps used:
D:1:      dpeg_arrival_pond
D:2:      cheibrodos_fertilizer, first_ration
D:3:      uniq_jessica
D:4:      vehumet_statue
D:5:      chequers_temple_overflow_minitemple, portal_sewer_entry_a,
          serial_shops, nicolae_shop_trees, nrook_pool_corridor, uniq_menkaure
D:6:      uniq_pikel
D:7:      old_standard_altar, minmay_temple_entry_glassed_door, enter_ossuary_4,
          serial_shops, shop, uniq_crazy_yiuf_cottage
Sewer:    kennysheep_door_sewer

Skill      XL: |  1  2  3  4  5  6  7  8 |
---------------+-------------------------+-----
Fighting       | 1 2 3 4 |  4.6
Dodging        | 3 4 5 6 |  6.0
Ice Magic      | 4 5 6 |  6.4
Conjurations   | 2 3 4 5 |  5.7
Spellcasting   | 3 4 |  4.8
Stealth        | |  1.7

Action                   |  1- 3 |  4- 6 |  7- 9 || total
-------------------------+-------+-------+-------++-------
Melee: Unarmed           |     3 |       |    16 ||    19
 Fire: Hunting sling     |    79 |   116 |    78 ||   273
 Cast: Freeze            |    31 |    73 |    65 ||   169
       Throw Icicle      |       |       |    22 ||    22
Evoke: Wand              |       |       |     9 ||     9
  Use: Scroll            |     3 |     8 |     4 ||    15
       Potion            |       |       |     4 ||     4
  Eat: Chunk             |     2 |     6 |     6 ||    14
       Ration            |       |     1 |     2 ||     3
Armor: Robe              |    13 |     4 |    10 ||    27
Dodge: Dodged            |    50 |    57 |    92 ||   199

Table legend:
 A = Spawn XP
 B = Non-spawn XP
 C = Spawn XP percentage of total XP
 D = Spawn monster count
 E = Non-spawn monster count
 F = Spawn count percentage of total count
 G = Total turns spent on level
                    A         B        C        D         E        F      G
               +---------+---------+-------+---------+---------+-------+---------
         Total |       0 |    2032 |   0.0 |       0 |     128 |   0.0 |  6532
               +---------+---------+-------+---------+---------+-------+---------
           D:1 |       0 |      29 |   0.0 |       0 |      17 |   0.0 |   939
           D:2 |       0 |     228 |   0.0 |       0 |      43 |   0.0 |  1342
           D:3 |       0 |     222 |   0.0 |       0 |      21 |   0.0 |  1333
           D:4 |       0 |     337 |   0.0 |       0 |      15 |   0.0 |  1129
           D:5 |       0 |     994 |   0.0 |       0 |      22 |   0.0 |  1411
           D:6 |       0 |      83 |   0.0 |       0 |       4 |   0.0 |   141
         Sewer |       0 |     139 |   0.0 |       0 |       6 |   0.0 |   232
               +---------+---------+-------+---------+---------+-------+---------
